Bruins vs Sabres

Created - 30 septembre 2017 at 21:02

Simulating a Pre-Season

Goals
1 2 3 T
Bruins 0 1 0 1
Sabres 3 1 2 6
Shots
1 2 3 T
Bruins 10 15 8 33
Sabres 16 6 14 36

1st period

1. Sabres , Rasmus Ristolainen 3 (Jason Zucker 4, Zach Hyman 4) at 3:28
2. Sabres , Anders Lee 5 (Bo Horvat 5, Mathew Dumba 3) at 8:59
3. Sabres , Brandon Saad 5 (Kyle Turris 3, Nino Niederreiter 5) at 13:08

Penalties :
Cody Franson (BUF) for Hooking (Minor) at 9:36, Mathew Dumba (BUF) for Diving (Minor) at 16:23, Zach Hyman (BUF) for Hooking (Minor) at 18:25

2nd period

4. Bruins , Ryan Spooner 2 (Torey Krug 5, Shea Weber 12) at 1:40 (PP)
5. Sabres , Anders Lee 6 (Thomas Vanek 4, Jake McCabe 3) at 16:59

Penalties :
Mathew Dumba (BUF) for Interference (Minor) at 0:17, Tyler Myers (BUF) for Hooking (Minor) at 9:48

3rd period

6. Sabres , Kyle Turris 4 (Rasmus Ristolainen 7, Dan Girardi 6) at 4:04
7. Sabres , Jason Zucker 5 (Thomas Vanek 5, Bo Horvat 6) at 18:04

Penalties :
Nino Niederreiter (BUF) for Holding Stick (Minor) at 0:07, Nino Niederreiter (BUF) for Diving (Minor) at 3:18, Corey Perry (BOS) for Tripping (Minor) at 3:18, Zach Hyman (BUF) for Hooking (Minor) at 7:41, Ryan Spooner (BOS) for High sticking (Minor) at 12:04, Greg Pateryn (BOS) for Roughing (Minor) at 15:58, Torey Krug (BOS) for Interference (Minor) at 19:32

Goalie Stats

Carey Price (BOS), 30 saves from 36 shots - (0.833), L, 6-3-0, 60:00 minutes
Thomas Greiss (BUF), 32 saves from 33 shots - (0.970), W, 2-4-1, 60:00 minutes

Players Stats for Bruins

Player Name              G  A  P  +/- PIM S  H  SB GA TA FO     MP     PP MP  PK MP  
------------------------------------------------------------------------------------
Brendan Gallagher        0  0  0  -1  0   2  2  0  0  0  1/1    17:21   6:06   0:00 
Carl Soderberg           0  0  0  -3  0   3  1  0  0  0  20/34  21:36   5:38   1:44 
Connor Brown             0  0  0  -1  0   1  0  0  0  0  0/7    15:23   1:18   0:00 
Corey Perry              0  0  0  -2  2   0  3  0  0  0  1/4    20:08   6:57   0:00 
Daniel Winnik            0  0  0   0  0   2  0  1  0  0  5/7    14:17   0:07   1:53 
Greg Pateryn             0  0  0  -1  2   1  0  1  0  0  0/0    13:41   0:36   0:00 
Jake Guentzel            0  0  0  -1  0   4  2  1  0  0  1/1    18:09   6:06   1:18 
Joe Morrow               0  0  0  -1  0   0  1  4  0  0  0/0    13:33   0:00   0:27 
Kevin Fiala              0  0  0  -2  0   0  0  0  0  0  0/0     5:06   0:00   0:00 
Leon Draisaitl           0  0  0  -2  0   6  0  0  0  0  13/20  21:56   6:06   3:07 
Mark Streit              0  0  0  -1  0   3  0  0  0  0  0/0    20:20   5:44   1:33 
Melker Karlsson          0  0  0  -2  0   0  0  0  0  0  0/1     5:13   0:07   0:00 
Noah Hanifin             0  0  0  -1  0   2  0  1  0  0  0/0    20:20   5:44   1:33 
Patrice Bergeron         0  0  0  -1  0   0  0  0  0  0  2/3     1:58   0:00   0:00 
Ryan Spooner             1  0  1  -2  2   3  1  0  0  0  1/1    20:02   6:51   0:00 
Shea Weber               0  1  1  -4  0   2  3  2  0  0  0/0    26:34   7:26   2:52 
Tomas Plekanec           0  0  0   0  0   3  0  0  0  0  9/13   12:25   0:14   0:48 
Torey Krug               0  1  1  -4  2   1  0  1  0  0  0/0    25:30   6:50   2:25 

Players Stats for Sabres

Player Name              G  A  P  +/- PIM S  H  SB GA TA FO     MP     PP MP  PK MP  
------------------------------------------------------------------------------------
Anders Lee               2  0  2   2  0   3  4  0  0  0  0/1    13:13   1:26   0:45 
Bo Horvat                0  2  2   3  0   2  1  0  0  0  10/20  21:40   1:26   7:34 
Brandon Saad             1  0  1   1  0   7  0  0  0  0  0/3    21:21   2:59   4:19 
Brett Connolly           0  0  0   0  0   0  4  0  0  0  0/1     7:36   0:00   0:00 
Cody Franson             0  0  0   2  2   1  4  3  0  0  0/0    15:15   0:00   2:23 
Dan Girardi              0  1  1   3  0   0  1  0  0  0  0/0    24:54   2:59   6:29 
Hunter Shinkaruk         0  0  0   0  0   0  0  0  0  0  0/1     8:49   0:00   1:13 
Jake McCabe              0  1  1   2  0   1  1  2  0  0  0/0    13:33   0:00   0:40 
Jason Zucker             1  1  2   2  0   3  0  0  0  0  0/1     8:31   0:00   0:00 
Kyle Turris              1  1  2   2  0   2  1  0  0  0  18/40  24:56   2:59   7:02 
Mathew Dumba             0  1  1   1  4   1  2  3  0  0  0/0    19:57   1:26   4:26 
Nino Niederreiter        0  1  1   1  4   3  1  0  0  0  0/0    16:39   2:59   0:00 
Rasmus Ristolainen       1  1  2   3  0   4  1  1  0  0  0/0    24:54   2:59   6:29 
Ryan Nugent-Hopkins      0  0  0   2  0   2  0  0  0  0  10/16  12:46   0:00   4:19 
Seth Helgeson            0  0  0   0  0   0  0  0  0  0  0/0     0:30   0:00   0:30 
Thomas Vanek             0  2  2   2  0   3  2  0  0  0  0/0    12:28   1:26   0:00 
Tyler Myers              0  0  0   1  2   2  1  1  0  0  0/0    20:53   1:26   5:22 
Zach Hyman               0  1  1   2  4   2  3  0  0  0  1/9    16:41   0:00   1:01 

3 Stars

1 - Anders Lee (BUF)
2 - Rasmus Ristolainen (BUF)
3 - Thomas Greiss (BUF)

Power Play

Bruins - 1 on 7 Attempt(s) - 14.29%
Sabres - 0 on 3 Attempt(s) - 0.00%

Penalty Kill

Bruins - 3 on 3 Attempt(s) - 100.00% - Score 0 goal in Penalty Kill
Sabres - 6 on 7 Attempt(s) - 85.71% - Score 0 goal in Penalty Kill

Team Stat

Bruins - Hits : 13 - Faceoff Wins : 53 - Blocked Shots : 11 - Penalty Minutes : 8
Sabres - Hits : 26 - Faceoff Wins : 39 - Blocked Shots : 10 - Penalty Minutes : 16

Official

Referees : Rob Martell and Brian Pochmara
Linesman : Michel Cormier and Mark Shewchyk

Game Notes

Patrice Bergeron is injured at 5:37 of 1st period (Sprained Right Finger)

% Time on Ice - Bruins

Lines # - Real PCT - Wanted PCT - Time Play
Normal Forward
1 - 33% - 40% - 13:12
2 - 27% - 30% - 10:45
3 - 28% - 20% - 11:23
4 - 13% - 10% - 5:06
Normal Defense
1 - 36% - 40% - 14:30
2 - 30% - 30% - 12:06
3 - 32% - 20% - 13:06
4 - 2% - 10% - 0:44
PP Forward
1 - 54% - 60% - 7:04
2 - 46% - 40% - 6:06
PP Defense
1 - 56% - 60% - 7:26
2 - 44% - 40% - 5:44
PK Forward
1 - 100% - 60% - 4:25
2 - 0% - 40% - 0:00
PK Defense
1 - 65% - 60% - 2:52
2 - 35% - 40% - 1:33
PK3 Forward
1 - 0% - 60%
2 - 0% - 40%
PK3 Defense
1 - 0% - 60%
2 - 0% - 40%
44 Forward
1 - 100% - 60% - 1:59
2 - 0% - 40% - 0:00
44 Defense
1 - 52% - 60% - 1:02
2 - 48% - 40% - 0:57
Last Minute Offensive  - 0:00
Last Minute Defensive  - 0:00
Total
Forward - 60:00
Defense - 60:00

% Time on Ice - Sabres

Lines # - Real PCT - Wanted PCT - Time Play
Normal Forward
1 - 34% - 40% - 13:42
2 - 27% - 30% - 11:02
3 - 20% - 20% - 8:06
4 - 19% - 10% - 7:36
Normal Defense
1 - 34% - 40% - 13:35
2 - 33% - 30% - 13:17
3 - 32% - 20% - 12:53
4 - 2% - 10% - 0:41
PP Forward
1 - 68% - 60% - 2:59
2 - 32% - 40% - 1:26
PP Defense
1 - 68% - 60% - 2:59
2 - 32% - 40% - 1:26
PK Forward
1 - 67% - 60% - 8:44
2 - 33% - 40% - 4:19
PK Defense
1 - 49% - 60% - 6:22
2 - 51% - 40% - 6:41
PK3 Forward
1 - 100% - 60% - 0:07
2 - 0% - 40% - 0:00
PK3 Defense
1 - 100% - 60% - 0:07
2 - 0% - 40% - 0:00
44 Forward
1 - 82% - 60% - 1:38
2 - 18% - 40% - 0:21
44 Defense
1 - 59% - 60% - 1:10
2 - 41% - 40% - 0:49
Last Minute Offensive  - 0:00
Last Minute Defensive  - 0:00
Total
Forward - 60:00
Defense - 60:00

Play by Play

1st period


0:01 of 1st period - Corey Perry wins face-off versus Kyle Turris in neutral zone.
0:21 of 1st period - Icing by Shea Weber.
0:22 of 1st period - Bo Horvat wins face-off versus Patrice Bergeron in Bruins zone.
0:22 of 1st period - Bo Horvat is hit by Shea Weber.
0:40 of 1st period - Shot by Thomas Vanek.
0:40 of 1st period - Shot Misses the Net.
1:32 of 1st period - Shot by Ryan Nugent-Hopkins.
1:32 of 1st period - Stopped by Carey Price without a rebound.
1:33 of 1st period - Tomas Plekanec wins face-off versus Kyle Turris in Bruins zone.
1:41 of 1st period - Icing by Joe Morrow.
1:42 of 1st period - Tomas Plekanec wins face-off versus Zach Hyman in Bruins zone.
1:42 of 1st period - Tomas Plekanec is hit by Brett Connolly.
1:50 of 1st period - Shot by Connor Brown.
1:50 of 1st period - Shot Misses the Net.
2:50 of 1st period - Shot by Brandon Saad.
2:50 of 1st period - Stopped by Carey Price with a rebound.
2:54 of 1st period - Shot by Brandon Saad.
2:54 of 1st period - Stopped by Carey Price without a rebound.
2:55 of 1st period - Leon Draisaitl wins face-off versus Bo Horvat in Bruins zone.
3:06 of 1st period - Shot by Bo Horvat.
3:06 of 1st period - Shot Misses the Net.
3:10 of 1st period - Shot by Bo Horvat.
3:10 of 1st period - Stopped by Carey Price without a rebound.
3:11 of 1st period - Patrice Bergeron wins face-off versus Ryan Nugent-Hopkins in Bruins zone.
3:11 of 1st period - Corey Perry is hit by Zach Hyman and loses puck.
3:25 of 1st period - Jason Zucker is hit by Shea Weber and loses puck.
3:28 of 1st period - Shot by Rasmus Ristolainen.
3:28 of 1st period - Goal by Rasmus Ristolainen - Bruins : 0 - Sabres : 1.
3:29 of 1st period - Leon Draisaitl wins face-off versus Kyle Turris in neutral zone.
3:54 of 1st period - Shot by Leon Draisaitl.
3:54 of 1st period - Shot Misses the Net.
3:56 of 1st period - Shot by Leon Draisaitl.
3:56 of 1st period - Shot Blocked by Mathew Dumba.
3:58 of 1st period - Shot by Brendan Gallagher.
3:58 of 1st period - Shot Misses the Net.
4:41 of 1st period - Shot by Ryan Nugent-Hopkins.
4:41 of 1st period - Shot Blocked by Shea Weber.
4:43 of 1st period - Shot by Rasmus Ristolainen.
4:43 of 1st period - Stopped by Carey Price without a rebound.
4:44 of 1st period - Bo Horvat wins face-off versus Melker Karlsson in Bruins zone.
4:53 of 1st period - Shot by Thomas Vanek.
4:53 of 1st period - Stopped by Carey Price without a rebound.
4:54 of 1st period - Tomas Plekanec wins face-off versus Brett Connolly in Bruins zone.
4:56 of 1st period - Daniel Winnik is hit by Brett Connolly and loses puck.
5:11 of 1st period - Shot by Zach Hyman.
5:11 of 1st period - Shot Blocked by Joe Morrow.
5:28 of 1st period - Icing by Dan Girardi.
5:29 of 1st period - Patrice Bergeron wins face-off versus Zach Hyman in Sabres zone.
5:36 of 1st period - Patrice Bergeron is hit by Brett Connolly and loses puck.
5:37 of 1st period - Patrice Bergeron from Bruins is injured at 5:37 of 1st period (Sprained Right Finger).
5:38 of 1st period - Leon Draisaitl wins face-off versus Bo Horvat in Bruins zone.
5:38 of 1st period - Leon Draisaitl is hit by Thomas Vanek.
5:41 of 1st period - Icing by Torey Krug.
5:42 of 1st period - Leon Draisaitl wins face-off versus Kyle Turris in Bruins zone.
5:49 of 1st period - Shot by Brendan Gallagher.
5:49 of 1st period - Shot Misses the Net.
5:51 of 1st period - Shot by Shea Weber.
5:51 of 1st period - Shot Blocked by Jake McCabe.
5:55 of 1st period - Shot by Brendan Gallagher.
5:55 of 1st period - Shot Misses the Net.
6:01 of 1st period - Shot by Shea Weber.
6:01 of 1st period - Shot Misses the Net.
6:03 of 1st period - Shot by Leon Draisaitl.
6:03 of 1st period - Stopped by Thomas Greiss with a rebound.
6:05 of 1st period - Shot by Shea Weber.
6:05 of 1st period - Stopped by Thomas Greiss without a rebound.
6:06 of 1st period - Bo Horvat wins face-off versus Carl Soderberg in Sabres zone.
6:21 of 1st period - Shot by Ryan Spooner.
6:21 of 1st period - Stopped by Thomas Greiss without a rebound.
6:22 of 1st period - Tomas Plekanec wins face-off versus Ryan Nugent-Hopkins in Sabres zone.
6:39 of 1st period - Shot by Connor Brown.
6:39 of 1st period - Stopped by Thomas Greiss without a rebound.
6:40 of 1st period - Carl Soderberg wins face-off versus Bo Horvat in Sabres zone.
6:51 of 1st period - Shot by Ryan Spooner.
6:51 of 1st period - Shot Blocked by Jake McCabe.
7:00 of 1st period - Corey Perry is hit by Cody Franson and loses puck.
7:07 of 1st period - Shot by Carl Soderberg.
7:07 of 1st period - Shot Misses the Net.
7:09 of 1st period - Shot by Noah Hanifin.
7:09 of 1st period - Shot Hit the Post.
7:11 of 1st period - Shot by Mark Streit.
7:11 of 1st period - Shot Misses the Net.
7:13 of 1st period - Shot by Mark Streit.
7:13 of 1st period - Stopped by Thomas Greiss without a rebound.
7:14 of 1st period - Kyle Turris wins face-off versus Leon Draisaitl in Sabres zone.
7:14 of 1st period - Kyle Turris is hit by Jake Guentzel.
7:33 of 1st period - Shot by Jake Guentzel.
7:33 of 1st period - Stopped by Thomas Greiss without a rebound.
7:34 of 1st period - Ryan Nugent-Hopkins wins face-off versus Connor Brown in Sabres zone.
7:59 of 1st period - Shot by Ryan Nugent-Hopkins.
7:59 of 1st period - Shot Blocked by Daniel Winnik.
8:01 of 1st period - Shot by Tyler Myers.
8:01 of 1st period - Shot Blocked by Joe Morrow.
8:03 of 1st period - Shot by Tyler Myers.
8:03 of 1st period - Stopped by Carey Price without a rebound.
8:04 of 1st period - Kyle Turris wins face-off versus Corey Perry in Bruins zone.
8:10 of 1st period - Icing by Torey Krug.
8:11 of 1st period - Kyle Turris wins face-off versus Carl Soderberg in Bruins zone.
8:12 of 1st period - Shot by Brandon Saad.
8:12 of 1st period - Shot Misses the Net.
8:34 of 1st period - Shot by Carl Soderberg.
8:34 of 1st period - Stopped by Thomas Greiss without a rebound.
8:35 of 1st period - Bo Horvat wins face-off versus Leon Draisaitl in Sabres zone.
8:57 of 1st period - Shot by Bo Horvat.
8:57 of 1st period - Shot Misses the Net.
8:59 of 1st period - Shot by Anders Lee.
8:59 of 1st period - Goal by Anders Lee - Bruins : 0 - Sabres : 2.
9:00 of 1st period - Kyle Turris wins face-off versus Carl Soderberg in neutral zone.
9:11 of 1st period - Shot by Rasmus Ristolainen.
9:11 of 1st period - Stopped by Carey Price without a rebound.
9:12 of 1st period - Carl Soderberg wins face-off versus Ryan Nugent-Hopkins in Bruins zone.
9:12 of 1st period - Corey Perry is hit by Zach Hyman and loses puck.
9:30 of 1st period - Icing by Cody Franson.
9:31 of 1st period - Leon Draisaitl wins face-off versus Ryan Nugent-Hopkins in Sabres zone.
9:31 of 1st period - Leon Draisaitl is hit by Cody Franson.
9:36 of 1st period - Minor Penalty to Cody Franson for Hooking.
9:37 of 1st period - Carl Soderberg wins face-off versus Bo Horvat in Sabres zone.
10:47 of 1st period - Off-side.
10:48 of 1st period - Kyle Turris wins face-off versus Leon Draisaitl in neutral zone.
11:21 of 1st period - Shot by Brendan Gallagher.
11:21 of 1st period - Shot Blocked by Rasmus Ristolainen.
11:39 of 1st period - Daniel Winnik is hit by Zach Hyman and loses puck.
11:45 of 1st period - Brett Connolly is hit by Joe Morrow and loses puck.
11:48 of 1st period - Shot by Zach Hyman.
11:48 of 1st period - Stopped by Carey Price without a rebound.
11:49 of 1st period - Tomas Plekanec wins face-off versus Anders Lee in Bruins zone.
11:49 of 1st period - Tomas Plekanec is hit by Anders Lee.
11:54 of 1st period - Connor Brown is hit by Jake McCabe and loses puck.
12:21 of 1st period - Shot by Anders Lee.
12:21 of 1st period - Stopped by Carey Price without a rebound.
12:22 of 1st period - Carl Soderberg wins face-off versus Zach Hyman in Bruins zone.
12:47 of 1st period - Shot by Zach Hyman.
12:47 of 1st period - Shot Misses the Net.
12:50 of 1st period - Icing by Shea Weber.
12:51 of 1st period - Kyle Turris wins face-off versus Carl Soderberg in Bruins zone.
12:54 of 1st period - Shot by Brandon Saad.
12:54 of 1st period - Shot Blocked by Torey Krug.
12:56 of 1st period - Shot by Rasmus Ristolainen.
12:56 of 1st period - Stopped by Carey Price with a rebound.
13:06 of 1st period - Shot by Brandon Saad.
13:06 of 1st period - Shot Misses the Net.
13:08 of 1st period - Shot by Brandon Saad.
13:08 of 1st period - Goal by Brandon Saad - Bruins : 0 - Sabres : 3.
13:09 of 1st period - Bo Horvat wins face-off versus Connor Brown in neutral zone.
13:54 of 1st period - Icing by Thomas Vanek.
13:55 of 1st period - Leon Draisaitl wins face-off versus Bo Horvat in Sabres zone.
15:07 of 1st period - Icing by Dan Girardi.
15:08 of 1st period - Carl Soderberg wins face-off versus Kyle Turris in Sabres zone.
15:17 of 1st period - Dan Girardi is hit by Carl Soderberg and loses puck.
15:24 of 1st period - Rasmus Ristolainen is hit by Corey Perry and loses puck.
16:16 of 1st period - Shot by Jason Zucker.
16:16 of 1st period - Stopped by Carey Price with a rebound.
16:23 of 1st period - Minor Penalty to Mathew Dumba for Diving.
16:24 of 1st period - Leon Draisaitl wins face-off versus Hunter Shinkaruk in Sabres zone.
16:25 of 1st period - Shot by Torey Krug.
16:25 of 1st period - Shot Misses the Net.
16:27 of 1st period - Shot by Shea Weber.
16:27 of 1st period - Stopped by Thomas Greiss without a rebound.
16:28 of 1st period - Brendan Gallagher wins face-off versus Zach Hyman in Sabres zone.
16:57 of 1st period - Shot by Jake Guentzel.
16:57 of 1st period - Stopped by Thomas Greiss with a rebound.
17:41 of 1st period - Shot by Mark Streit.
17:41 of 1st period - Stopped by Thomas Greiss without a rebound.
17:42 of 1st period - Carl Soderberg wins face-off versus Kyle Turris in Sabres zone.
17:43 of 1st period - Shot by Mark Streit.
17:43 of 1st period - Shot Misses the Net.
18:22 of 1st period - Off-side.
18:23 of 1st period - Tomas Plekanec wins face-off versus Zach Hyman in neutral zone.
18:25 of 1st period - Minor Penalty to Zach Hyman for Hooking.
18:26 of 1st period - Kyle Turris wins face-off versus Corey Perry in Sabres zone.
18:31 of 1st period - Corey Perry is hit by Kyle Turris and loses puck.
18:49 of 1st period - Shot by Shea Weber.
18:49 of 1st period - Shot Misses the Net.
18:51 of 1st period - Shot by Shea Weber.
18:51 of 1st period - Shot Misses the Net.
19:19 of 1st period - Shot by Brandon Saad.
19:19 of 1st period - Stopped by Carey Price without a rebound.
19:20 of 1st period - Leon Draisaitl wins face-off versus Ryan Nugent-Hopkins in Bruins zone.
Goals for this period are 0 for Bruins vs 3 for Sabres.
Shots for this period are 10 for Bruins vs 16 for Sabres.

2nd period


0:01 of 2nd period - Carl Soderberg wins face-off versus Kyle Turris in neutral zone.
0:14 of 2nd period - Shot by Torey Krug.
0:14 of 2nd period - Shot Misses the Net.
0:17 of 2nd period - Minor Penalty to Mathew Dumba for Interference.
0:18 of 2nd period - Leon Draisaitl wins face-off versus Kyle Turris in Sabres zone.
0:19 of 2nd period - Shot by Noah Hanifin.
0:19 of 2nd period - Stopped by Thomas Greiss with a rebound.
0:29 of 2nd period - Shot by Leon Draisaitl.
0:29 of 2nd period - Deflect By Jake Guentzel.
0:29 of 2nd period - Stopped by Thomas Greiss with a rebound.
0:31 of 2nd period - Shot by Leon Draisaitl.
0:31 of 2nd period - Stopped by Thomas Greiss with a rebound.
0:33 of 2nd period - Shot by Leon Draisaitl.
0:33 of 2nd period - Shot Blocked by Cody Franson.
0:53 of 2nd period - Shot by Brendan Gallagher.
0:53 of 2nd period - Stopped by Thomas Greiss with a rebound.
1:06 of 2nd period - Icing by Shea Weber.
1:07 of 2nd period - Ryan Nugent-Hopkins wins face-off versus Carl Soderberg in Bruins zone.
1:38 of 2nd period - Shot by Shea Weber.
1:38 of 2nd period - Shot Misses the Net.
1:40 of 2nd period - Shot by Torey Krug.
1:40 of 2nd period - Deflect By Ryan Spooner.
1:40 of 2nd period - Goal by Ryan Spooner - Bruins : 1 - Sabres : 3.
1:41 of 2nd period - Tomas Plekanec wins face-off versus Zach Hyman in neutral zone.
2:02 of 2nd period - Shot by Tomas Plekanec.
2:02 of 2nd period - Shot Hit the Post.
2:08 of 2nd period - Shot by Greg Pateryn.
2:08 of 2nd period - Stopped by Thomas Greiss with a rebound.
2:33 of 2nd period - Shot by Leon Draisaitl.
2:33 of 2nd period - Stopped by Thomas Greiss without a rebound.
2:34 of 2nd period - Carl Soderberg wins face-off versus Brandon Saad in Sabres zone.
2:34 of 2nd period - Torey Krug is hit by Dan Girardi and loses puck.
2:53 of 2nd period - Shot by Brandon Saad.
2:53 of 2nd period - Stopped by Carey Price without a rebound.
2:54 of 2nd period - Jake Guentzel wins face-off versus Bo Horvat in Bruins zone.
2:54 of 2nd period - Jake Guentzel is hit by Anders Lee.
3:02 of 2nd period - Shot by Brendan Gallagher.
3:02 of 2nd period - Shot Misses the Net.
3:12 of 2nd period - Brendan Gallagher is hit by Cody Franson and loses puck.
3:20 of 2nd period - Off-side.
3:21 of 2nd period - Carl Soderberg wins face-off versus Kyle Turris in neutral zone.
3:23 of 2nd period - Off-side.
3:24 of 2nd period - Kyle Turris wins face-off versus Carl Soderberg in neutral zone.
3:26 of 2nd period - Nino Niederreiter is hit by Shea Weber and loses puck.
3:37 of 2nd period - Shea Weber is hit by Nino Niederreiter and loses puck.
3:58 of 2nd period - Shot by Kyle Turris.
3:58 of 2nd period - Shot Blocked by Shea Weber.
4:11 of 2nd period - Icing by Carl Soderberg.
4:12 of 2nd period - Carl Soderberg wins face-off versus Bo Horvat in Bruins zone.
5:16 of 2nd period - Mark Streit is hit by Cody Franson and loses puck.
6:37 of 2nd period - Shot by Tomas Plekanec.
6:37 of 2nd period - Shot Misses the Net.
6:39 of 2nd period - Shot by Tomas Plekanec.
6:39 of 2nd period - Stopped by Thomas Greiss without a rebound.
6:40 of 2nd period - Carl Soderberg wins face-off versus Zach Hyman in Sabres zone.
6:49 of 2nd period - Shot by Carl Soderberg.
6:49 of 2nd period - Stopped by Thomas Greiss with a rebound.
7:42 of 2nd period - Icing by Jake McCabe.
7:43 of 2nd period - Bo Horvat wins face-off versus Tomas Plekanec in Sabres zone.
7:57 of 2nd period - Icing by Greg Pateryn.
7:58 of 2nd period - Tomas Plekanec wins face-off versus Kyle Turris in Bruins zone.
8:21 of 2nd period - Shot by Nino Niederreiter.
8:21 of 2nd period - Shot Misses the Net.
8:58 of 2nd period - Shot by Bo Horvat.
8:58 of 2nd period - Shot Blocked by Greg Pateryn.
9:00 of 2nd period - Shot by Cody Franson.
9:00 of 2nd period - Stopped by Carey Price without a rebound.
9:01 of 2nd period - Ryan Nugent-Hopkins wins face-off versus Carl Soderberg in Bruins zone.
9:04 of 2nd period - Shot by Ryan Nugent-Hopkins.
9:04 of 2nd period - Stopped by Carey Price with a rebound.
9:48 of 2nd period - Minor Penalty to Tyler Myers for Hooking.
9:49 of 2nd period - Kyle Turris wins face-off versus Tomas Plekanec in Sabres zone.
10:02 of 2nd period - Shot by Noah Hanifin.
10:02 of 2nd period - Stopped by Thomas Greiss without a rebound.
10:03 of 2nd period - Leon Draisaitl wins face-off versus Kyle Turris in Sabres zone.
11:23 of 2nd period - Cody Franson is hit by Corey Perry and loses puck.
11:37 of 2nd period - Icing by Torey Krug.
11:38 of 2nd period - Ryan Nugent-Hopkins wins face-off versus Leon Draisaitl in Bruins zone.
12:17 of 2nd period - Shot by Tomas Plekanec.
12:17 of 2nd period - Shot Blocked by Cody Franson.
13:20 of 2nd period - Icing by Nino Niederreiter.
13:21 of 2nd period - Leon Draisaitl wins face-off versus Kyle Turris in Sabres zone.
13:24 of 2nd period - Shot by Jake Guentzel.
13:24 of 2nd period - Stopped by Thomas Greiss with a rebound.
13:26 of 2nd period - Shot by Brendan Gallagher.
13:26 of 2nd period - Stopped by Thomas Greiss without a rebound.
13:27 of 2nd period - Ryan Nugent-Hopkins wins face-off versus Leon Draisaitl in Sabres zone.
13:39 of 2nd period - Shot by Leon Draisaitl.
13:39 of 2nd period - Stopped by Thomas Greiss without a rebound.
13:40 of 2nd period - Tomas Plekanec wins face-off versus Kyle Turris in Sabres zone.
13:54 of 2nd period - Connor Brown is hit by Rasmus Ristolainen and loses puck.
14:42 of 2nd period - Jake Guentzel is hit by Anders Lee.
14:58 of 2nd period - Joe Morrow is hit by Bo Horvat.
16:23 of 2nd period - Shot by Tomas Plekanec.
16:23 of 2nd period - Shot Misses the Net.
16:33 of 2nd period - Shot by Daniel Winnik.
16:33 of 2nd period - Stopped by Thomas Greiss without a rebound.
16:34 of 2nd period - Carl Soderberg wins face-off versus Bo Horvat in Sabres zone.
16:57 of 2nd period - Shot by Thomas Vanek.
16:57 of 2nd period - Stopped by Carey Price with a rebound.
16:59 of 2nd period - Shot by Anders Lee.
16:59 of 2nd period - Goal by Anders Lee - Bruins : 1 - Sabres : 4.
17:00 of 2nd period - Zach Hyman wins face-off versus Connor Brown in neutral zone.
18:13 of 2nd period - Shot by Bo Horvat.
18:13 of 2nd period - Shot Misses the Net.
18:15 of 2nd period - Shot by Jake McCabe.
18:15 of 2nd period - Shot Blocked by Joe Morrow.
18:17 of 2nd period - Shot by Jake McCabe.
18:17 of 2nd period - Stopped by Carey Price with a rebound.
18:19 of 2nd period - Shot by Bo Horvat.
18:19 of 2nd period - Shot Blocked by Joe Morrow.
19:55 of 2nd period - Shot by Tomas Plekanec.
19:55 of 2nd period - Shot Misses the Net.
19:57 of 2nd period - Shot by Shea Weber.
19:57 of 2nd period - Deflect By Tomas Plekanec.
19:57 of 2nd period - Stopped by Thomas Greiss without a rebound.
19:58 of 2nd period - Ryan Spooner wins face-off versus Ryan Nugent-Hopkins in Sabres zone.
19:59 of 2nd period - Shot by Corey Perry.
19:59 of 2nd period - Shot Blocked by Mathew Dumba.
Goals for this period are 1 for Bruins vs 1 for Sabres.
Shots for this period are 15 for Bruins vs 6 for Sabres.

3rd period


0:01 of 3rd period - Kyle Turris wins face-off versus Carl Soderberg in neutral zone.
0:07 of 3rd period - Minor Penalty to Nino Niederreiter for Holding Stick.
0:08 of 3rd period - Carl Soderberg wins face-off versus Kyle Turris in Sabres zone.
0:31 of 3rd period - Shot by Torey Krug.
0:31 of 3rd period - Stopped by Thomas Greiss without a rebound.
0:32 of 3rd period - Kyle Turris wins face-off versus Leon Draisaitl in Sabres zone.
0:32 of 3rd period - Kyle Turris is hit by Jake Guentzel.
0:48 of 3rd period - Shot by Leon Draisaitl.
0:48 of 3rd period - Stopped by Thomas Greiss without a rebound.
0:49 of 3rd period - Carl Soderberg wins face-off versus Kyle Turris in Sabres zone.
0:50 of 3rd period - Shot by Torey Krug.
0:50 of 3rd period - Shot Misses the Net.
0:57 of 3rd period - Icing by Carl Soderberg.
0:58 of 3rd period - Carl Soderberg wins face-off versus Kyle Turris in Bruins zone.
1:11 of 3rd period - Shot by Ryan Spooner.
1:11 of 3rd period - Stopped by Thomas Greiss without a rebound.
1:12 of 3rd period - Leon Draisaitl wins face-off versus Kyle Turris in Sabres zone.
1:43 of 3rd period - Shot by Jake Guentzel.
1:43 of 3rd period - Deflect By Leon Draisaitl.
1:43 of 3rd period - Shot Misses the Net.
1:45 of 3rd period - Shot by Mark Streit.
1:45 of 3rd period - Stopped by Thomas Greiss without a rebound.
1:46 of 3rd period - Ryan Nugent-Hopkins wins face-off versus Corey Perry in Sabres zone.
1:46 of 3rd period - Ryan Nugent-Hopkins is hit by Ryan Spooner.
2:40 of 3rd period - Shot by Connor Brown.
2:40 of 3rd period - Shot Misses the Net.
3:18 of 3rd period - Minor Penalty to Nino Niederreiter for Diving.
3:18 of 3rd period - Minor Penalty to Corey Perry for Tripping.
3:19 of 3rd period - Kyle Turris wins face-off versus Carl Soderberg in neutral zone.
3:46 of 3rd period - Shot by Kyle Turris.
3:46 of 3rd period - Deflect By Bo Horvat.
3:46 of 3rd period - Stopped by Carey Price without a rebound.
3:47 of 3rd period - Carl Soderberg wins face-off versus Jason Zucker in Bruins zone.
3:52 of 3rd period - Shot by Jason Zucker.
3:52 of 3rd period - Stopped by Carey Price without a rebound.
3:53 of 3rd period - Kyle Turris wins face-off versus Connor Brown in Bruins zone.
4:00 of 3rd period - Shot by Kyle Turris.
4:00 of 3rd period - Stopped by Carey Price with a rebound.
4:04 of 3rd period - Shot by Kyle Turris.
4:04 of 3rd period - Goal by Kyle Turris - Bruins : 1 - Sabres : 5.
4:05 of 3rd period - Kyle Turris wins face-off versus Carl Soderberg in neutral zone.
4:48 of 3rd period - Off-side.
4:49 of 3rd period - Ryan Nugent-Hopkins wins face-off versus Connor Brown in neutral zone.
4:58 of 3rd period - Shot by Brandon Saad.
4:58 of 3rd period - Stopped by Carey Price without a rebound.
4:59 of 3rd period - Bo Horvat wins face-off versus Connor Brown in Bruins zone.
5:00 of 3rd period - Shot by Jason Zucker.
5:00 of 3rd period - Shot Misses the Net.
5:10 of 3rd period - Shot by Bo Horvat.
5:10 of 3rd period - Deflect By Jason Zucker.
5:10 of 3rd period - Shot Blocked by Noah Hanifin.
5:35 of 3rd period - Daniel Winnik is hit by Tyler Myers and loses puck.
5:44 of 3rd period - Shot by Corey Perry.
5:44 of 3rd period - Shot Blocked by Mathew Dumba.
6:26 of 3rd period - Icing by Jake McCabe.
6:27 of 3rd period - Kyle Turris wins face-off versus Leon Draisaitl in Sabres zone.
6:34 of 3rd period - Shot by Jake Guentzel.
6:34 of 3rd period - Shot Misses the Net.
6:36 of 3rd period - Shot by Noah Hanifin.
6:36 of 3rd period - Shot Blocked by Cody Franson.
6:50 of 3rd period - Shot by Nino Niederreiter.
6:50 of 3rd period - Shot Misses the Net.
6:56 of 3rd period - Kyle Turris is hit by Brendan Gallagher and loses puck.
7:24 of 3rd period - Icing by Torey Krug.
7:25 of 3rd period - Ryan Nugent-Hopkins wins face-off versus Tomas Plekanec in Bruins zone.
7:41 of 3rd period - Minor Penalty to Zach Hyman for Hooking.
7:42 of 3rd period - Carl Soderberg wins face-off versus Kyle Turris in Sabres zone.
8:11 of 3rd period - Shot by Ryan Spooner.
8:11 of 3rd period - Shot Misses the Net.
8:13 of 3rd period - Shot by Mark Streit.
8:13 of 3rd period - Shot Misses the Net.
8:15 of 3rd period - Shot by Carl Soderberg.
8:15 of 3rd period - Shot Misses the Net.
8:44 of 3rd period - Ryan Nugent-Hopkins is hit by Brendan Gallagher and loses puck.
9:24 of 3rd period - Shot by Noah Hanifin.
9:24 of 3rd period - Shot Blocked by Tyler Myers.
9:47 of 3rd period - Off-side.
9:48 of 3rd period - Ryan Nugent-Hopkins wins face-off versus Carl Soderberg in neutral zone.
10:36 of 3rd period - Shot by Daniel Winnik.
10:36 of 3rd period - Stopped by Thomas Greiss without a rebound.
10:37 of 3rd period - Leon Draisaitl wins face-off versus Kyle Turris in Sabres zone.
11:35 of 3rd period - Shot by Anders Lee.
11:35 of 3rd period - Shot Misses the Net.
11:37 of 3rd period - Shot by Tyler Myers.
11:37 of 3rd period - Stopped by Carey Price without a rebound.
11:38 of 3rd period - Carl Soderberg wins face-off versus Zach Hyman in Bruins zone.
11:38 of 3rd period - Corey Perry is hit by Brett Connolly and loses puck.
11:57 of 3rd period - Shot by Carl Soderberg.
11:57 of 3rd period - Stopped by Thomas Greiss without a rebound.
11:58 of 3rd period - Bo Horvat wins face-off versus Tomas Plekanec in Sabres zone.
12:03 of 3rd period - Shot by Tomas Plekanec.
12:03 of 3rd period - Stopped by Thomas Greiss without a rebound.
12:04 of 3rd period - Bo Horvat wins face-off versus Carl Soderberg in Sabres zone.
12:04 of 3rd period - Minor Penalty to Ryan Spooner for High sticking.
12:05 of 3rd period - Kyle Turris wins face-off versus Daniel Winnik in Bruins zone.
12:06 of 3rd period - Shot by Brandon Saad.
12:06 of 3rd period - Stopped by Carey Price without a rebound.
12:07 of 3rd period - Daniel Winnik wins face-off versus Brandon Saad in Bruins zone.
12:18 of 3rd period - Shot by Dan Girardi.
12:18 of 3rd period - Shot Misses the Net.
12:20 of 3rd period - Shot by Rasmus Ristolainen.
12:20 of 3rd period - Shot Misses the Net.
12:22 of 3rd period - Shot by Nino Niederreiter.
12:22 of 3rd period - Stopped by Carey Price without a rebound.
12:23 of 3rd period - Daniel Winnik wins face-off versus Bo Horvat in Bruins zone.
12:23 of 3rd period - Daniel Winnik is hit by Thomas Vanek.
12:53 of 3rd period - Shea Weber is hit by Anders Lee and loses puck.
13:11 of 3rd period - Shot by Brandon Saad.
13:11 of 3rd period - Deflect By Nino Niederreiter.
13:11 of 3rd period - Stopped by Carey Price without a rebound.
13:12 of 3rd period - Daniel Winnik wins face-off versus Brandon Saad in Bruins zone.
14:09 of 3rd period - Shot by Connor Brown.
14:09 of 3rd period - Shot Misses the Net.
14:15 of 3rd period - Shot by Corey Perry.
14:15 of 3rd period - Shot Misses the Net.
14:17 of 3rd period - Shot by Connor Brown.
14:17 of 3rd period - Shot Misses the Net.
15:06 of 3rd period - Icing by Noah Hanifin.
15:07 of 3rd period - Bo Horvat wins face-off versus Carl Soderberg in Bruins zone.
15:44 of 3rd period - Shot by Shea Weber.
15:44 of 3rd period - Shot Misses the Net.
15:50 of 3rd period - Shot by Jake Guentzel.
15:50 of 3rd period - Deflect By Leon Draisaitl.
15:50 of 3rd period - Stopped by Thomas Greiss without a rebound.
15:51 of 3rd period - Kyle Turris wins face-off versus Connor Brown in Sabres zone.
15:51 of 3rd period - Kyle Turris is hit by Corey Perry.
15:58 of 3rd period - Minor Penalty to Greg Pateryn for Roughing.
15:59 of 3rd period - Kyle Turris wins face-off versus Daniel Winnik in Bruins zone.
16:38 of 3rd period - Shot by Nino Niederreiter.
16:38 of 3rd period - Stopped by Carey Price with a rebound.
17:02 of 3rd period - Shot by Thomas Vanek.
17:02 of 3rd period - Stopped by Carey Price with a rebound.
17:04 of 3rd period - Shot by Mathew Dumba.
17:04 of 3rd period - Stopped by Carey Price without a rebound.
17:05 of 3rd period - Daniel Winnik wins face-off versus Kyle Turris in Bruins zone.
17:32 of 3rd period - Shot by Brandon Saad.
17:32 of 3rd period - Shot Misses the Net.
17:34 of 3rd period - Shot by Rasmus Ristolainen.
17:34 of 3rd period - Shot Blocked by Jake Guentzel.
18:04 of 3rd period - Shot by Jason Zucker.
18:04 of 3rd period - Goal by Jason Zucker - Bruins : 1 - Sabres : 6.
18:05 of 3rd period - Ryan Nugent-Hopkins wins face-off versus Carl Soderberg in neutral zone.
18:36 of 3rd period - Shot by Zach Hyman.
18:36 of 3rd period - Stopped by Carey Price without a rebound.
18:37 of 3rd period - Daniel Winnik wins face-off versus Bo Horvat in Bruins zone.
19:03 of 3rd period - Tomas Plekanec is hit by Mathew Dumba.
19:06 of 3rd period - Daniel Winnik is hit by Mathew Dumba and loses puck.
19:32 of 3rd period - Minor Penalty to Torey Krug for Interference.
19:33 of 3rd period - Carl Soderberg wins face-off versus Kyle Turris in Bruins zone.
19:37 of 3rd period - Off-side.
19:38 of 3rd period - Carl Soderberg wins face-off versus Kyle Turris in neutral zone.
Goals for this period are 0 for Bruins vs 2 for Sabres.
Shots for this period are 8 for Bruins vs 14 for Sabres.